 Dungeon Crawl Stone Soup version 0.29-a0-911-g88e6f02907 (webtiles) character file.

Game seed: 4893457634313863512

83 Mesmaeker13 the Shooter (level 4, -11/37 HPs)
             Began as a Barachi Hunter on July 25, 2022.
             Mangled by an orc
             ... wielding a +1 whip of electrocution
              (19 damage)
             ... on level 3 of the Dungeon.
             The game lasted 00:03:51 (1780 turns).

Mesmaeker13 the Shooter (Barachi Hunter)            Turns: 1780, Time: 00:03:52

Health: -11/37     AC:  7    Str: 13    XL:     4   Next: 44%
Magic:  4/4        EV: 10    Int: 11    God:
Gold:   90         SH:  0    Dex: 15    Spells: 3/3 levels left

rFire   . . .      SeeInvis .   a - +0 shortbow
rCold   . . .      Faith    .   (shield currently unavailable)
rNeg    . . .      Spirit   .   l - +0 scale mail
rPois   .          Reflect  .   (no helmet)
rElec   .          Harm     .   (no cloak)
rCorr   .          Rampage  .   (no gloves)
Will    +....                   e - +0 pair of boots
Stlth   ..........              (no amulet)
HPRegen 0.12/turn               f - ring of wizardry
MPRegen 0.09/turn               g - ring of willpower

@: slow
A: amphibious, slowness 1, strong legs 1, +LOS
a: Hop


You were on level 3 of the Dungeon.
You visited 1 branch of the dungeon, and saw 3 of its levels.

You collected 90 gold pieces.

Inventory:

Hand Weapons
 a - a +0 shortbow (weapon)
Armour
 e - a +0 pair of boots (worn)
 l - a +0 scale mail (worn)
Jewellery
 f - a ring of wizardry (left hand)
 g - a ring of willpower (right hand)
Wands
 m - a wand of acid (7)
Scrolls
 b - a scroll of immolation
 d - a scroll of butterflies {unknown}
 h - a scroll of identify {unknown}
 j - a scroll of teleportation {unknown}
 k - 3 scrolls of poison
Potions
 c - a potion of lignification
 i - 2 potions of curing {unknown}


   Skills:
 + Level 3.7 Fighting
 + Level 4.6 Ranged Weapons
 + Level 3.4 Dodging
 - Level 0.8 Stealth


You had 3 spell levels left.
You didn't know any spells.
Your spell library contained the following spells:

 Spells                   Type           Power      Damage    Failure   Level
 Conjure Flame            Conj/Fire      0%         6-21      88%         3
 Ignite Poison            Fire/Tmut/Pois 0%         N/A       88%         3
 Sticky Flame             Conj/Fire      0%         2d3       99%         4


Dungeon Overview and Level Annotations

Branches:
Dungeon (3/15)

Altars:

Shops:
D:1 *   D:2 (


Innate Abilities, Weirdness & Mutations

You are amphibious.
You cover ground slowly.
You can hop short distances.
You have an extended range of vision and can be seen from far away.


Message History

An orc priest and 2 orcs come into view.
An orc is wielding a +1 whip of electrocution.
The orc priest is wielding a +2 vorpal flail.
The orc shouts!
The orc priest shouts!
The orc shouts!
You shoot an arrow. The arrow closely misses the orc.
Unknown command.
You see here a +0 mace.
The orc attacks as you move away! The orc barely misses you.
You shoot an arrow. The arrow hits the orc!
You kill the orc!
You shoot an arrow. The arrow hits the orc priest.
The orc priest is heavily wounded.
The orc priest closely misses you.
You shoot an arrow. The arrow hits the orc priest!
You kill the orc priest!
You have reached level 4!
You feel stronger.
You shoot an arrow. The arrow closely misses the orc.
The orc hits you with a +1 whip of electrocution.
You are electrocuted!!
Ouch! That really hurt!
You are too injured to fight recklessly!
You are too injured to fight recklessly!
You are too injured to fight recklessly!
You are too injured to fight recklessly!
You are too injured to fight recklessly!
Fire: a) +0 shortbow
Press: ? - help, Q - select action, (/) - cycle Shift-Dir - straight line, f/p - orc
Aim: an orc, wielding a +1 whip of electrocution (62% to hit)
You shoot an arrow. The arrow closely misses the orc.
The orc barely misses you. The orc closely misses you.
Unknown command.
Fire: a) +0 shortbow
Press: ? - help, Q - select action, (/) - cycle Shift-Dir - straight line, f/p - orc
Aim: an orc, wielding a +1 whip of electrocution (62% to hit)
You shoot an arrow. The arrow barely misses the orc.
The orc hits you with a +1 whip of electrocution.
* * * LOW HITPOINT WARNING * * *
You are electrocuted!!
Ouch! That really hurt!
You die...

....... ...... ...o.#
.....# .....# ..... ##
... ....
#######.#......
#.†@o).>.......
####.#####........
#.................
#####.............####
#.................#
#.###.............#
#.##..#########....
#.##..# ...## #.....#
...#


You could see an orc.

Vanquished Creatures
  An orc priest (D:3)
  An adder (D:2)
  2 worms (D:2)
  2 orcs (D:3)
  A ball python (D:2)
  2 endoplasms
  2 giant cockroaches (D:2)
  6 goblins
  2 hobgoblins
  3 jackals (D:3)
  A quokka (D:2)
  4 bats
  2 frilled lizards
  3 kobolds (D:2)
  5 rats
37 creatures vanquished.

Notes
Turn   | Place    | Note
-------+----------+-------------------------------------------
     0 | D:1      | Mesmaeker13 the Barachi Hunter began the quest for the Orb.
     0 | D:1      | Reached XP level 1. HP: 17/17 MP: 1/1
   262 | D:1      | Found Qotonott's Assorted Antiques.
   475 | D:1      | Reached XP level 2. HP: 23/23 MP: 2/2
   658 | D:2      | Found Noetopt's Weapon Shoppe.
   908 | D:2      | Reached XP level 3. HP: 22/29 MP: 3/3
  1484 | D:2      | Found a faded altar of an unknown god.
  1778 | D:3      | Reached XP level 4. HP: 37/37 MP: 4/4
  1780 | D:3      | Mangled by an orc

Illustrated notes

Levels and vault maps discovered:
D:1:      minmay_arrival_five_plusses, layout_basic, serial_shops,
          nicolae_shop_waterfront, minmay_pentomino_p2
D:2:      layout_rooms, serial_shops, nicolae_shop_advertising_works
          [nicolae_subvault_shop_adworks], nicolae_ecumenical_lake_church
D:3:      layout_basic, lightli_sewer_entry_pipes, lemuel_another_geyser,
          uniq_crazy_yiuf_cottage, uniq_ijyb

Skill      XL: |  1  2  3 |
---------------+----------+-----
Fighting       | 3 |  3.7
Dodging        | 3 |  3.4
Ranged Weapons | |  4.6
Stealth        | |  0.8

Action                   |  1- 3 |  4- 6 || total
-------------------------+-------+-------++-------
Melee: Unarmed           |     2 |       ||     2
 Fire: Shortbow          |    96 |     3 ||    99
  Use: Scroll            |     1 |       ||     1
       Potion            |     1 |       ||     1
Armor: Leather armour    |     5 |       ||     5
       Scale mail        |    11 |       ||    11
       Skin              |     6 |       ||     6
Dodge: Dodged            |    21 |     2 ||    23

Table legend: (Time is in decaauts)
 A = Elapsed time spent in this place.
 B = Non-inter-level travel time spent in this place.
 C = Inter-level travel time spent in this place.
 D = Time resting spent in this place.
 E = Time spent auto-exploring this place.
 F = Levels seen in this place.
 G = Mean time per level.
                   A        B        C        D        E       F      G
               +--------+--------+--------+--------+--------+-----+--------+
         Total |   2049 |   1983 |     66 |    294 |   1377 |   3 |  683.0 |
       Dungeon |   2049 |   1983 |     66 |    294 |   1377 |   3 |  683.0 |
               +--------+--------+--------+--------+--------+-----+--------+

Top non-repeatable levels by time:
     D:2: 1043 daAuts
     D:1: 786 daAuts
     D:3: 219 daAuts
